cohdb
Replays
Latest Replays
All Replays
Popular Replays
Top Player Replays
Match Explorer
How It Works
Community
CoH3 Stats
Reddit
Sign in to upload your games and track your stats! →
Sign in with Steam
Match 35564454
Unlisted
Match 35564454
Overview
Messages
Build Orders
End
Kradschützen Motorcycle Team
Panzergrenadier Squad
Selects Italian Infantry
Panzergrenadier Squad
Construct Light Support Kompanie
Assault Grenadier Squad
2.5-tonne Medical Truck
MG34 Team
Fire Support Elements
Pak 38 Mechanized Group
Combat Half-tracks
Selects Guastatori Squad
Selects L6/40 Light Tank Combat Group
L6/40 Light Tank Combat Group
Construct Panzerarmee Kommand
Assault Mechanized Group
Emergency Repair Kits
Veteran Squad Leaders
Armored Reserves
Selects Defensive Operations
Selects Prepared Positions
Selects Obice 305mm Barrage
Tiger Heavy Tank
kapoc849
Strudelmeister
DibbeTC
Mad Mac
0
0
Comments
sign in to comment!
No comments posted yet!